Map: Ever Dream LE

Players

TLHarstem (Harstem)

  • Race: Protoss Protoss
  • League: Master
  • Spawn Location: 7:00

LiquidMaNa (MaNa) - Winner!

  • Race: Protoss Protoss
  • League: Grandmaster
  • Spawn Location: 1:00

Event: DreamHack SC2 Masters 2020 Fall

VOD

Have the link to the VOD?

Description

Time

  • Played on: Aug. 28, 2020, 1:42 p.m.
  • Length: 7:20

All games in this series

Show
View Real Time Build Order
Export as new Build Order

TLHarstem Protoss 

Build Orders:  

Get SALT Encoding   

  12  0:00  Probe (Chrono Boost)  
  13  0:11  Probe (Chrono Boost)  
  14  0:17  Pylon  
  14  0:21  Probe  
  15  0:35  Forge  
  15  0:58  Pylon  
  15  1:18  Probe  
  15  1:20  Pylon  
  16  1:30  Probe  
  16  1:31  Gateway  
  17  1:39  Photon Cannon  
  17  1:44  Gateway  
  17  1:46  Pylon  
  17  1:47  Pylon  
  17  1:52  Probe  
  18  2:04  Photon Cannon  
  17  2:11  Probe (Chrono Boost)  
  17  2:13  Assimilator  
  18  2:20  Cybernetics Core  
  19  2:23  Probe (Chrono Boost)  
  19  2:29  Assimilator  
  19  2:30  Probe (Chrono Boost)  
  19  2:37  Probe  
  20  2:49  Gateway, Probe  
  21  2:53  Adept (Chrono Boost)  
  21  2:54  Pylon  
  23  3:01  Probe  
  23  3:02  Warp Gate  
  24  3:14  Probe  
  24  3:16  Adept  
  27  3:38  Nexus  
  27  3:39  Stargate  
  27  3:43  Probe  
  28  3:55  Probe  
  29  3:59  Pylon  
  29  4:02  Shield Battery  
  27  4:07  Stalker  
  29  4:10  Probe  
  29  4:14  Void Ray (Chrono Boost)  
  34  4:29  Shield Battery  
  34  4:34  Probe  
  35  4:41  Void Ray (Chrono Boost)  
  38  4:55  Shield Battery, Stalker  
  38  4:57  Probe  
  41  5:00  Probe  
  42  5:08  Void Ray (Chrono Boost)  
  42  5:09  Probe  
  42  5:12  Probe  
  48  5:21  Probe  
  48  5:26  Pylon, Probe  
  50  5:31  Pylon  
  50  5:33  Probe  
  51  5:39  Probe  
  52  5:45  Robotics Facility, Probe (Chrono Boost)  
  53  5:51  Probe (Chrono Boost)  
  54  5:58  Probe (Chrono Boost)  
  54  6:02  Assimilator, Void Ray  
  54  6:03  Probe (Chrono Boost)  
  56  6:04  Assimilator  
  56  6:06  Probe (Chrono Boost)  
  56  6:08  Probe (Chrono Boost)  
  62  6:12  Probe  
  62  6:13  Pylon  
  62  6:17  Probe  
  64  6:24  Probe  
  65  6:29  Probe, Immortal (Chrono Boost), Pylon  
  70  6:36  Probe  
  72  7:07  Probe  
Show
View Real Time Build Order
Export as new Build Order

LiquidMaNa Protoss - Winner!

Build Orders: Oracle Opening 

Get SALT Encoding   

  12  0:00  Probe  
  13  0:12  Probe  
  14  0:17  Pylon  
  14  0:24  Probe (Chrono Boost)  
  15  0:36  Gateway, Probe (Chrono Boost)  
  16  0:44  Probe (Chrono Boost)  
  16  0:45  Assimilator  
  17  0:50  Probe  
  17  0:53  Assimilator  
  18  1:03  Probe  
  19  1:15  Forge  
  19  1:17  Pylon  
  19  1:22  Zealot (Chrono Boost)  
  21  1:27  Unknown  
  21  1:29  Probe  
  22  1:34  Pylon  
  22  1:48  Photon Cannon  
  22  1:52  Photon Cannon  
  22  2:01  Photon Cannon  
  23  2:13  Cybernetics Core  
  23  2:21  Photon Cannon  
  22  2:24  Probe  
  23  2:35  Pylon  
  23  2:36  Probe  
  24  2:47  Stalker (Chrono Boost)  
  24  2:48  Probe  
  27  2:53  Stargate  
  27  2:59  Warp Gate  
  27  3:00  Probe  
  28  3:07  Pylon  
  28  3:11  Stalker  
  31  3:12  Probe  
  31  3:36  Oracle  
  34  3:43  Probe  
  35  3:58  Probe  
  36  4:03  Nexus  
  36  4:10  Probe  
  36  4:11  Twilight Council  
  36  4:15  Stalker  
  39  4:22  Probe  
  40  4:26  Gateway  
  40  4:33  Gateway  
  40  4:36  Probe  
  41  4:48  Probe  
  41  4:50  Blink  
  42  4:56  Protoss Ground Weapons Level 1  
  42  5:00  Probe (Chrono Boost)  
  42  5:05  Stalker  
  45  5:11  Probe (Chrono Boost)  
  46  5:16  Probe x2 (Chrono Boost)  
  46  5:20  Sentry  
  50  5:27  Probe (Chrono Boost)  
  50  5:28  Stalker, Probe (Chrono Boost)  
  52  5:35  Probe x2 (Chrono Boost)  
  56  5:38  Pylon  
  56  5:41  Probe  
  56  5:42  Probe  
  58  5:53  Probe  
  58  5:54  Probe  
  60  5:59  Stalker x3  
  60  6:03  Gateway  
  66  6:06  Probe x2  
  66  6:07  Assimilator  
  66  6:10  Pylon  
  68  6:23  Stalker x3  
  74  6:30  Probe  
  75  6:34  Pylon  
  75  6:39  Probe  
  76  6:40  Nexus  
  76  6:46  Probe  
  77  6:51  Stalker x2  
  77  6:52  Stalker  
  83  7:04  Probe x2  

Tags
 
Add a new tag
Caveats
  • Supply blocks, unpowered buildings, or Contaminate may cause inaccurate times.
  • Supply counts are checked every 10 seconds.